 Dungeon Crawl Stone Soup version 0.29-a0-380-gf50f0a9fbc (webtiles) character file.

Game seed: 11778484344314549729

6 spaghetti the Insei (level 1, 20/20 HPs)
             Began as a Gnoll Wanderer on May 5, 2022.
             Quit the game on level 1 of the Dungeon.
             The game lasted 00:00:32 (82 turns).

spaghetti the Insei (Gnoll Wanderer)                  Turns: 82, Time: 00:00:33

Health: 20/20      AC:  7    Str: 10    XL:     1   Next: 90%
Magic:  4/4        EV:  9    Int: 10    God:
Gold:   28         SH:  0    Dex: 13    Spells: 5/5 levels left

rFire   . . .      SeeInvis .   a - +0 quarterstaff {staff}
rCold   . . .      Faith    .   (shield currently unavailable)
rNeg    . . .      Spirit   .   d - +0 scale mail
rPois   .          Reflect  .   (no helmet)
rElec   .          Harm     .   (no cloak)
rCorr   .          Rampage  .   (no gloves)
Will    .....                   (no boots)
Stlth   ..........              (no amulet)
HPRegen 0.06/turn               (no ring)
MPRegen 0.09/turn               (no ring)

@: no status effects
A: fangs 1, strong nose, distributed training
a: no special abilities


You were on level 1 of the Dungeon.
You visited 1 branch of the dungeon, and saw 1 of its levels.

You collected 28 gold pieces.


Innate Abilities, Weirdness & Mutations

You have very sharp teeth.
Your uncanny sense of smell can sniff out nearby items.
Your experience applies equally to all skills.


   Skills:
 + Level 4.4 Fighting
 + Level 0.2 Short Blades
 + Level 0.2 Long Blades
 + Level 0.2 Axes
 + Level 0.2 Maces & Flails
 + Level 0.2 Polearms
 + Level 4.4 Staves
 + Level 0.2 Slings
 + Level 0.2 Bows
 + Level 0.2 Crossbows
 + Level 0.2 Throwing
 + Level 4.4 Armour
 + Level 2.4 Dodging
 + Level 0.2 Stealth
 + Level 0.2 Shields
 + Level 4.4 Unarmed Combat
 + Level 2.6 Spellcasting
 + Level 0.1 Conjurations
 + Level 0.1 Hexes
 + Level 0.1 Summonings
 + Level 0.1 Necromancy
 + Level 0.1 Translocations
 + Level 0.1 Transmutations
 + Level 0.1 Fire Magic
 + Level 0.1 Ice Magic
 + Level 0.1 Air Magic
 + Level 0.1 Earth Magic
 + Level 0.1 Poison Magic
 + Level 0.3 Invocations
 + Level 0.2 Evocations


You had 5 spell levels left.
You didn't know any spells.
Your spell library was empty.

Inventory:

Hand Weapons
 a - a +0 quarterstaff (weapon) {staff}
 g - a +0 short sword of flaming {short}
   (You took it off a kobold on level 1 of the Dungeon)
Missiles
 h - 7 stones (quivered) {throwing}
Armour
 d - a +0 scale mail (worn)
Scrolls
 f - a scroll of fear {unknown}
Potions
 b - a potion of haste {@q3}
 c - a potion of brilliance
 e - a potion of berserk rage {!q}
 i - a potion of curing {unknown}

Dungeon Overview and Level Annotations

Branches:
Dungeon (1/15)

Altars:

........# .....##....
.....)..# ........#
........# #.......#
......†.####.......#
.##.......##.......#
.########.##.....# .
#................# ..
...#####.....##..##.##..
...##§..§§§.####@.....J.
...#.§≈§§≈§..##...≈≈≈≈..
...#.§§§§§≈......≈≈≈≈≈≈.
...#.≈§≈≈≈≈§.><..≈≈≈≈≈≈.
.....§≈≈§≈≈......≈≈≈≈≈≈.
......≈≈≈≈..####..≈≈≈≈..
....#......## ##......#
...........# ...?...
........... #...


You could see an endoplasm.


Message History

Found a scroll labelled EXTOKH ETOOSIX and a scroll labelled LOECEB AGEUHUA.
Found two stairs.
You begin with the following items: a +0 quarterstaff {staff}, a potion of haste {@q3}, a potion of brilliance, a +0 scale mail, a potion of berserk rage {!q}.
Unknown command.
f - a scroll labelled LOECEB AGEUHUA A giant cockroach comes into view.
A giant cockroach is nearby!
A goblin comes into view. It is wielding a +0 dagger.
The goblin shouts!
The giant cockroach bites you but does no damage.
The giant cockroach closely misses you.
You hit the giant cockroach.
You kill the giant cockroach!
You see here a giant cockroach corpse.
The goblin hits you but does no damage.
You barely miss the goblin.
The goblin hits you with a +0 dagger. 😕 HP[-1]
You take 1 damage, and now have 19/20 hp.
You are too injured to fight recklessly!
You are too injured to fight recklessly!
You are too injured to fight recklessly!
You are too injured to fight recklessly!
You are too injured to fight recklessly!
You are too injured to fight recklessly!
You are too injured to fight recklessly!
You are too injured to fight recklessly!
A goblin is nearby!
A goblin is nearby!
A goblin is nearby!
A goblin is nearby!
You are too injured to fight recklessly!
You hit the goblin.
You kill the goblin!
A kobold comes into view.
It is wielding a +0 short sword of flaming.
You see here a +0 dagger {short}. 😎 HP[+1]
Your hp is fully restored (20).
A kobold is nearby!
A kobold is nearby!
The kobold shouts!
You hear a shout!
The kobold throws a stone.
The stone hits you but does no damage.
A kobold comes into view. It is wielding a +0 whip.
The kobold throws a stone.
The stone hits you but does no damage.
You sock the kobold!
You kill the kobold!
The kobold throws a stone.
The stone closely misses you.
Found a stone staircase leading down.
You hit the kobold. You bite the kobold, but do no damage.
The kobold closely misses you.
You hit the kobold.
You kill the kobold!
No target in view!
No target in view!
No target in view!
No target in view!
No target in view!
No target in view!
No target in view!
No target in view!
No target in view!
No target in view!
No target in view!
No target in view!
No target in view!
No target in view!
No target in view!
No target in view!
No target in view!
g - a +0 short sword of flaming {short};
h - 3 stones {throwing}
h - 7 stones {throwing} (gained 4)
Things that are here:
a +0 whip {mace}; a kobold corpse An endoplasm comes into view.
You see here 19 gold pieces.
An endoplasm is nearby!
An endoplasm is nearby!
The endoplasm quivers.
You hit the endoplasm. The endoplasm closely misses you.
You hit the endoplasm.
You kill the endoplasm!
No target in view!
No target in view!
No target in view!
No target in view!
No target in view!
No target in view!
No target in view!
No target in view!
No target in view!
No target in view!
No target in view!
No target in view!
You now have 19 gold pieces.
i - a lumpy golden potion Key pressed, stopping explore.
You now have 28 gold pieces (gained 9).
An endoplasm comes into view.
The endoplasm quivers.
An endoplasm is nearby!
Are you sure you want to abandon this character and quit the game? (Confirm with "yes".)

Action                   || total
-------------------------++-------
Melee: Quarterstaff      ||     8
       Bite              ||     1
Armor: Scale mail        ||     4
Dodge: Dodged            ||     4

Levels and vault maps discovered:
D:1:      dpeg_arrival_pits, layout_basic, ebering_ecumenical_altar_rust

Notes
Turn   | Place    | Note
-------+----------+-------------------------------------------
     0 | D:1      | spaghetti the Gnoll Wanderer began the quest for the Orb.
     0 | D:1      | spaghetti set off with the following items: a +0
                  | quarterstaff {staff}, a potion of haste {@q3}, a potion of
                  | brilliance, a +0 scale mail, a potion of berserk rage {!q}
     0 | D:1      | Reached XP level 1. HP: 20/20 MP: 4/4
     0 | D:1      | magus.rc [v1.9.6]
    82 | D:1      | Quit the game

Vanquished Creatures
  An endoplasm (D:1)
  A giant cockroach (D:1)
  A goblin (D:1)
  2 kobolds (D:1)
5 creatures vanquished.

Table legend:
 A = Non-vault XP
 B = Vault XP
 C = Vault XP percentage of total XP
 D = Non-vault monster count
 E = Vault monster count
 F = Vault count percentage of total count
                 A         B        C        D         E       F
            +---------+---------+-------+---------+---------+-------
      Total |       9 |       0 |   0.0 |       5 |       0 |   0.0
            +---------+---------+-------+---------+---------+-------
        D:1 |       9 |       0 |   0.0 |       5 |       0 |   0.0
            +---------+---------+-------+---------+---------+-------

Illustrated notes

Table legend:
 A = Kills in this place as a percentage of kills in entire the game.
 B = Kills by you in this place as a percentage of kills by you in the entire game.
 C = Kills by friends in this place as a percentage of kills by friends in the entire game.
 D = Other kills in this place as a percentage of other kills in the entire game.
 E = Experience gained in this place as a percentage of experience gained in the entire game.
 F = Experience gained in this place divided by the number of levels of this place that you have seen.
                   A       B       C       D       E      F
               +-------+-------+-------+-------+-------+----------------------
         Total | 100.0 | 100.0 |   N/A |   N/A | 100.0 |   9.0
       Dungeon | 100.0 | 100.0 |   N/A |   N/A | 100.0 |   9.0
               +-------+-------+-------+-------+-------+----------------------

Table legend: (Time is in decaauts)
 A = Elapsed time spent in this place.
 B = Non-inter-level travel time spent in this place.
 C = Inter-level travel time spent in this place.
 D = Time resting spent in this place.
 E = Time spent auto-exploring this place.
 F = Levels seen in this place.
 G = Mean time per level.
                   A        B        C        D        E       F      G
               +--------+--------+--------+--------+--------+-----+--------+
         Total |     82 |     82 |      0 |      0 |     51 |   1 |   82.0 |
       Dungeon |     82 |     82 |      0 |      0 |     51 |   1 |   82.0 |
               +--------+--------+--------+--------+--------+-----+--------+

Top non-repeatable levels by time:
     D:1: 82 daAuts
